AoeStats
← Hitman4Hire24

Nomad

510435843Analyzed
4v4 RM · 2d ago on Oct 1, 2026· 43m 21s· 8 players
Game mode
Random Map
Map size
231×231
Population
200
Speed
Normal
Resources
Standard
Victory
Conquest
Starting age
Dark Age
Ending age
Imperial Age
RankedLock teamsTeams togetherTeam positionsShared explorationLock speedFull tech treeHidden civsTurbo modeCheats
Victory
Defeat
🇧🇷 Vikings · Brazil
759
+16
🇺🇸 Mongols · United States
743
+16
🇺🇸 Bohemians · United States
653
+20
🇺🇸 Romans · United States
651
+20
🇲🇽 Britons · Mexico
773
-19
🇨🇦 Turks · Canada
750
-18
🇲🇽 Persians · Mexico
747
-18
🇩🇴 Varangians · Dominican Republic
722
-17
Nothing happened, go cry!
5:29 Loom
17:46 Feudal Age
21:30 Horse Collar
26:08 Castle Age
23:55 Double-Bit Axe
24:21 Stone Mining
25:36 Gold Mining
26:42 Bloodlines
26:24 Arson
27:26 Husbandry
27:33 Light Cavalry
32:39 Heavy Plow
32:29 Town Watch
33:46 Stone Shaft Mining
35:00 Wheelbarrow
35:02 Bow Saw
36:15 Vendel Legacy
37:05 Scale Barding Armor
37:10 Forging
36:51 Fletching
37:10 Man-at-Arms
37:35 Gambesons
37:52 Squires
39:17 Hand Cart
41:51 Fervor
41:52 Murder Holes
Watermelon Sugar Vapeeee
16:37 Feudal Age
20:28 Bloodlines
21:31 Double-Bit Axe
24:03 Scale Barding Armor
28:02 Forging
33:43 Castle Age
31:57 Loom
34:31 Padded Archer Armor
34:26 Fletching
34:56 Padded Archer Armor
La Morte Noire
Rompe--Anos
4:34 Loom
18:00 Feudal Age
22:10 Castle Age
21:08 Fishing Lines
35:59 Stone Mining
36:04 Pikeman
Hitman4Hire24
2:51 Loom
18:18 Feudal Age
19:32 Man-at-Arms
21:04 Wheelbarrow
20:15 Town Watch
20:24 Double-Bit Axe
20:24 Horse Collar
24:09 Fishing Lines
27:14 Forging
27:05 Scale Mail Armor
27:06 Padded Archer Armor
26:56 Fletching
27:12 Scale Barding Armor
31:45 Bloodlines
39:18 Castle Age
41:16 Gillnets
Scoobydoo117778
5:19 Loom
15:57 Feudal Age
16:40 Double-Bit Axe
16:44 Horse Collar
19:22 Wheelbarrow
22:35 Man-at-Arms
23:58 Arson
32:30 Castle Age
32:14 Fletching
32:30 Pikeman
37:37 Bow Saw
44:09 Imperial Age
43:46 Chemistry
drtySASQUATCH69
4:26 Loom
20:27 Feudal Age
21:51 Wheelbarrow
21:01 Fishing Lines
21:11 Double-Bit Axe
21:09 Horse Collar
21:27 Gold Mining
23:32 Stone Mining
23:58 Forging
23:55 Scale Barding Armor
25:06 Bloodlines
31:05 Castle Age
29:01 Fletching
29:11 Padded Archer Armor
32:52 Husbandry
33:28 Hand Cart
34:46 Iron Casting
34:34 Chain Barding Armor
35:15 Bow Saw
37:12 Gold Shaft Mining
39:00 Bodkin Arrow
39:21 Leather Archer Armor
39:11 Gillnets
Dg
4:19 Loom
17:23 Feudal Age
21:07 Double-Bit Axe
21:08 Fishing Lines
21:23 Gold Mining
23:56 Castle Age
22:16 Man-at-Arms
23:12 Arson
25:31 Forging
25:50 Scale Mail Armor
25:44 Long Swordsman
28:17 Iron Casting
28:49 Chain Mail Armor
31:41 Fletching
38:17 Pikeman
38:57 Squires
40:46 Bodkin Arrow
Connection lost

Rejoining the realm…

Still unreachable

The connection could not be restored.

Session expired

The server has moved on; the page needs a fresh start.